 Dungeon Crawl Stone Soup version 0.23.2 (webtiles) character file.

Game seed: 7676820146253700221

832 Allula97 the Shield-Bearer (level 7, -1/62 HPs)
             Began as a Minotaur Fighter on Apr 6, 2019.
             Killed by nerve-wracking pain
             ... invoked by an orc priest
              (6 damage)
             ... on level 5 of the Dungeon.
             The game lasted 00:14:24 (2844 turns).

Allula97 the Shield-Bearer (Minotaur Fighter)       Turns: 2844, Time: 00:14:24

Health: -1/62      AC: 11    Str: 20    XL:     7   Next: 65%
Magic:  6/6        EV:  9    Int: 10    God:
Gold:   128        SH: 10    Dex: 12    Spells: 6/6 levels left

rFire    + . .     SeeInvis .   a - +1 long sword
rCold    + . .     Gourm    .   c - +0 shield
rNeg     . . .     Faith    .   b - +0 scale mail
rPois    +         Spirit   .   (helmet restricted)
rElec    +         Reflect  .   t - +0 cloak
rCorr    +         Harm     .   u - +0 pair of gloves
MR       .....                  z - +0 pair of boots
Stlth    ..........             l - amulet of rage
HPRegen  0.20/turn              (no ring)
MPRegen  0.10/turn              (no ring)

@: brilliant, about to teleport, resistant, very slightly contaminated, hasted,
invisible, very quick
A: retaliatory headbutt, horns 2
a: Evoke Berserk Rage


You were on level 5 of the Dungeon.
You were hungry.

You visited 1 branch of the dungeon, and saw 5 of its levels.

You collected 128 gold pieces.

Inventory:

Hand Weapons
 a - a +1 long sword (weapon)
 s - a +4 quarterstaff of chaos
 A - a +2 dagger of venom
 B - a +1 vampiric dagger
Missiles
 k - 9 bolts
Armour
 b - a +0 scale mail (worn)
 c - a +0 shield (worn)
 t - a +0 cloak (worn)
 u - a +0 pair of gloves (worn)
 z - a +0 pair of boots (worn)
Jewellery
 l - an amulet of rage (around neck)
Wands
 q - a wand of flame (29)
Scrolls
 g - a scroll of immolation
 j - 3 scrolls of remove curse
 p - 2 scrolls of identify
 r - a scroll of noise
 v - a scroll of amnesia {unknown}
 x - a scroll of fear {unknown}
 y - a scroll of enchant weapon
Potions
 e - a potion of resistance
 n - a potion of brilliance
Comestibles
 d - 8 chunks of flesh
 f - 12 rations


   Skills:
 * Level 5.8 Fighting
 * Level 5.2 Long Blades
 * Level 5.7 Armour
 + Level 2.7 Dodging
 * Level 5.9 Shields
 + Level 2.6 Unarmed Combat


You had 6 spell levels left.
You didn't know any spells.
Your spell library was empty.

Dungeon Overview and Level Annotations

Branches:
Dungeon (5/15)
 Temple: D:4-7

Altars:
Ashenzari
Fedhas
Gozag
Uskayaw
Wu Jian
Yredelemnul


Innate Abilities, Weirdness & Mutations

You reflexively headbutt those who attack you in melee.
You have a pair of horns on your head.


Message History

You cannot teleport because you are held in place by your roots.
As you read the scroll labeled RIOGEL GUBAOR, it crumbles to dust.
It is a scroll of enchant weapon.
Your +0 long sword glows red for a moment.
The gnoll hits you but does no damage.
You feel less wooden.
Your +0 cloak unmelds from your body.
Your +0 pair of gloves unmelds from your body.
Your +0 pair of boots unmelds from your body.
Your +0 scale mail unmelds from your body.
You block the gnoll's attack. The gnoll completely misses you.
The orc priest mumbles some strange prayers to Beogh against something.
The gnoll writhes in agony.
The gnoll shouts!
As you read the scroll of teleportation, it crumbles to dust.
You feel strangely unstable.
The orc priest mumbles some strange prayers to Beogh against something.
Pain shoots through your body!
You die...

##....$........
##..............##
##...........#
..###
........og.###
#....# .........g#
#......
.##......####...#
##.....###...#
##....g#)(###
#....o)@##
########.....##
...........).##
..............#
.......<......#
##########.....#
#.....# #......#
##......


You could see an orc priest and a gnoll.

Vanquished Creatures
  2 ogres
  A gnoll sergeant (D:5)
  A scorpion (D:4)
  A bullfrog zombie (D:5)
  Crazy Yiuf (D:2)
  An orc priest (D:3)
  5 orc wizards
  Jessica (D:2)
  Natasha (thrice) (D:2)
  A worker ant (D:4)
  8 gnolls
  4 adders
  A dart slug (D:2)
  A leopard gecko (D:2)
  7 orcs
  3 giant cockroaches
  8 goblins
  4 hobgoblins
  4 jackals (D:4)
  A quokka (D:3)
  5 bats
  5 frilled lizards
  7 kobolds
  A leopard gecko skeleton (D:4)
  10 rats
  A fungus (D:2)
87 creatures vanquished.

Notes
Turn   | Place    | Note
-------+----------+-------------------------------------------
     0 | D:1      | Allula97 the Minotaur Fighter began the quest for the Orb.
     0 | D:1      | Reached XP level 1. HP: 19/19 MP: 0/0
   395 | D:1      | Reached XP level 2. HP: 27/27 MP: 1/1
   835 | D:2      | Found a basalt altar of Yredelemnul.
   837 | D:2      | Noticed Natasha
   848 | D:2      | Killed Natasha
   848 | D:2      | Reached XP level 3. HP: 10/33 MP: 2/2
   863 | D:2      | Noticed Natasha
   868 | D:2      | Killed Natasha
   868 | D:2      | Reached skill level 1 in Dodging
   868 | D:2      | Reached skill level 1 in Unarmed Combat
  1111 | D:2      | Reached XP level 4. HP: 40/40 MP: 3/3
  1154 | D:2      | Noticed Natasha
  1163 | D:2      | Killed Natasha
  1245 | D:2      | Found a hide-covered altar of Uskayaw.
  1270 | D:2      | Noticed Jessica
  1280 | D:2      | Killed Jessica
  1420 | D:2      | Found a blossoming altar of Fedhas.
  1510 | D:2      | Found a runed translucent door.
  1511 | D:2      | Noticed Crazy Yiuf
  1518 | D:2      | Killed Crazy Yiuf
  1518 | D:2      | Reached XP level 5. HP: 40/47 MP: 4/4
  1729 | D:3      | Found an ornate altar of the Wu Jian Council.
  1734 | D:3      | Found a shattered altar of Ashenzari.
  1914 | D:3      | Reached XP level 6. HP: 55/55 MP: 5/5
  2043 | D:3      | Reached skill level 5 in Shields
  2246 | D:4      | Reached skill level 5 in Fighting
  2246 | D:4      | Reached skill level 5 in Armour
  2453 | D:4      | Found an opulent altar of Gozag.
  2590 | D:4      | Reached XP level 7. HP: 61/61 MP: 6/6
  2737 | D:5      | Entered Level 5 of the Dungeon
  2788 | D:5      | Reached skill level 5 in Long Blades
  2828 | D:5      | HP: 4/93 [orc (3)]
  2844 | D:5      | Killed from afar by an orc priest

Skill      XL: |  1  2  3  4  5  6  7 |
---------------+----------------------+-----
Fighting       | 4 5 |  5.8
Armour         | 4 5 |  5.7
Shields        | 4 5 |  5.9
Long Blades    | 3 4 5 |  5.2
Dodging        | 1 2 |  2.7
Unarmed Combat | 1 2 |  2.6

Action                   |  1- 3 |  4- 6 |  7- 9 || total
-------------------------+-------+-------+-------++-------
Melee: Long sword        |    63 |   127 |    74 ||   264
       Headbutt          |     3 |    33 |    11 ||    47
  Use: Potion            |     1 |       |     6 ||     7
       Scroll            |       |     5 |     2 ||     7
 Stab: Invisible         |       |       |     3 ||     3
  Eat: Chunk             |     1 |     5 |       ||     6
Armor: Scale mail        |    20 |    51 |    26 ||    97
       Skin              |       |       |    33 ||    33
Dodge: Dodged            |    14 |    38 |    25 ||    77
Block: Shield            |    25 |    55 |    65 ||   145
       Rpst.: Long sword |     3 |     8 |     6 ||    17
